 Dungeon Crawl Stone Soup version 0.31-a0-1068-g5939ac1fb6 (webtiles) character file.

Game seed: 11616392120102974732

562 wilntdoo the Vexing (level 7, -11/57 HPs)
             Began as a White Draconian Enchanter on Nov 23, 2023.
             Was a Follower of Yredelemnul.
             Mangled by Sigmund
             ... wielding a +0 scythe
              (12 damage)
             ... on level 4 of the Dungeon.
             The game lasted 00:09:21 (3153 turns).

wilntdoo the Vexing (White Draconian Enchanter)     Turns: 3153, Time: 00:09:22

Health: -11/57     AC: -1    Str: 10    XL:     7   Next: 10%
Magic:  10/10      EV: 12    Int: 15    God:    Yredelemnul [*.....]
Gold:   164        SH:  0    Dex: 14    Spells: 2/10 levels left

rFire   + . .        a - +1 dagger
rCold   + + .        (no shield)
rNeg    . . .        (body armour unavailable)
rPois   +            (helmet restricted)
rElec   +            (no cloak)
rCorr   +            (no gloves)
SInv    .            n - +0 pair of boots
Will    .....        (no amulet)
Stlth   ++           (no ring)
HPRegen 0.29/turn    (no ring)
MPRegen 0.12/turn

%: no passive effects
@: about to teleport, resistant, corroded
A: breathe frost, AC +6, unfitting armour, cold resistance 1, cold-blooded
a: Breathe Frost, Renounce Religion, Recall Undead Harvest


You were on level 4 of the Dungeon.
You worshipped Yredelemnul.
Yredelemnul was noncommittal.
You visited 1 branch of the dungeon, and saw 4 of its levels.

You collected 164 gold pieces.

Inventory:

Hand Weapons
 a - a +1 dagger (weapon)
 k - a +0 rapier
Armour
 n - a +0 pair of boots (worn)
Jewellery
 m - a ring of wizardry
 o - a ring of fire
Talismans
 q - a beast talisman
Scrolls
 c - a scroll of fog {unknown}
 d - 3 scrolls of enchant weapon {unknown}
 e - a scroll of teleportation
 f - a scroll of amnesia {unknown}
 i - a scroll of revelation {unknown}
 p - a scroll of poison {unknown}
Potions
 b - 2 potions of invisibility
 g - a potion of resistance
 h - a potion of curing {unknown}
 j - a potion of might {unknown}
 l - a potion of heal wounds {unknown}


   Skills:
 + Level 3.0 Fighting
 - Level 2.0(3.2) Short Blades
 * Level 3.9(4.1) Long Blades
 - Level 2.0 Dodging
 - Level 3.0 Stealth
 - Level 2.0 Spellcasting
 * Level 5.2 Hexes


You had 2 spell levels left.
You knew the following spells:

 Your Spells              Type           Power      Damage    Failure   Level
a - Ensorcelled Hibernat  Hex/Ice        18%        N/A       12%         2
b - Confusing Touch       Hex            17%        N/A       8%          3
c - Tukima's Dance        Hex            17%        N/A       8%          3

Your spell library contained the following spells:

 Spells                   Type           Power      Damage    Failure   Level
 Shock                    Conj/Air       4%         1d3       22%         1
 Dazzling Flash           Conj/Hex       18%        N/A       22%         3
 Swiftness                Air            1%         N/A       54%         3
 Airstrike                Air            0%         2d(1-17)  91%         4


Dungeon Overview and Level Annotations

Branches:
Dungeon (4/15)
 Temple: D:4-7

Altars:
Cheibriados
Okawaru
Yredelemnul
Zin

Shops:
D:4 [

Annotations:
D:4 Sigmund


Innate Abilities, Weirdness & Mutations

You can breathe waves of freezing cold which knock back foes.
Your icy white scales are hard. (AC +6)
You cannot fit into any form of body armour.
Your flesh is cold resistant. (rC+)
You are cold-blooded and may be slowed by cold attacks.


Message History

You are splashed with acid!
Unknown command.
You hit the jelly but do no damage.
Your hands burn!
You punch the jelly, but do no damage.
The jelly is moderately wounded.
Your hound zombie bites Sigmund but does no damage.
Your kobold zombie closely misses Sigmund.
Your quokka zombie misses Sigmund.
Sigmund hits your quokka zombie with a +0 scythe!
Your quokka zombie is destroyed!
Sigmund shouts!
Unknown command.
Your hound zombie bites Sigmund.
Your kobold zombie misses Sigmund.
Your hound zombie barely misses Sigmund.
Sigmund hits you from afar with a +0 scythe!
The jelly attacks as it pursues you! The jelly hits you. The acid corrodes you!
You are splashed with acid!
* * * LOW HITPOINT WARNING * * *
Your hound zombie closely misses Sigmund.
Your goblin zombie hits Sigmund but does no damage.
Your kobold zombie barely misses Sigmund.
Okay, then.
Okay, then.
Your hound zombie bites Sigmund.
Sigmund attacks as he pursues you!
Sigmund hits you from afar with a +0 scythe!
* * * LOW HITPOINT WARNING * * *
Your goblin zombie barely misses Sigmund.
It was a potion of resistance.
You feel protected. The jelly hits you.
* * * LOW HITPOINT WARNING * * *
You are splashed with acid.
You resist.
* * * LOW HITPOINT WARNING * * *
Your orc zombie hits Sigmund.
As you read the scroll labelled LYISKOYSE, it crumbles to dust.
You feel strangely unstable.
It was a scroll of teleportation.
Sigmund hits you from afar with a +0 scythe!
You die...
Sigmund begins carving another notch in his scythe.
Your body rises from the dead as a mindless zombie.

##..# .# #..## #.##
##..# #..# #..##
#..###### ##Z.#
#.......###..######
#.....>ZZ.#)........
#.....@ZZ........$##
#...@J.Z....#####.#
#......Z....# #
#............#
#.............#
#..#...........#
#..###............
#.# #........#.#. ..
#.............


You could see Sigmund (ally target), a jelly, a friendly quokka zombie, a
friendly hound zombie, a friendly goblin zombie, a friendly kobold zombie and 2
friendly orc zombies.

Vanquished Creatures
  Grinder (D:3)
  A hound (D:4)
  Jessica (D:3)
  Natasha (thrice) (D:3)
  3 adders
  2 worms
  3 dart slugs
  2 orcs
  8 ball pythons
  8 endoplasms
  5 giant cockroaches
  6 goblins
  4 hobgoblins
  8 jackals
  6 quokkas
  8 bats
  2 frilled lizards
  3 kobolds
  5 rats
  A rat zombie (D:3)
80 creatures vanquished.

Vanquished Creatures (collateral kills)
  A black bear (D:4)
  An adder (D:3)
  2 orcs (D:4)
  2 goblins (D:3)
6 creatures vanquished.

Vanquished Creatures (others)
  A felid zombie (D:3)
  2 adder zombies (D:3)
  3 ball python zombies (D:3)
  An endoplasm zombie (D:3)
  A goblin zombie (D:3)
  A quokka zombie (D:4)
  A rat zombie (D:3)
10 creatures vanquished.

Grand Total: 96 creatures vanquished

Notes
Turn   | Place    | Note
-------+----------+-------------------------------------------
     0 | D:1      | wilntdoo the Draconian Enchanter began the quest for the
                  | Orb.
     0 | D:1      | Reached XP level 1. HP: 14/14 MP: 3/3
   144 | D:1      | Reached skill level 3 in Hexes
   148 | D:1      | Reached XP level 2. HP: 12/20 MP: 5/5
   168 | D:1      | HP: 1/20 [jackal (3)]
   360 | D:1      | Learned a level 2 spell: Ensorcelled Hibernation
   622 | D:1      | Reached XP level 3. HP: 26/26 MP: 6/6
  1819 | D:2      | Reached XP level 4. HP: 33/34 MP: 2/7
  2048 | D:3      | Noticed Grinder
  2055 | D:2      | Learned a level 3 spell: Confusing Touch
  2117 | D:3      | Noticed Jessica
  2121 | D:3      | Killed Jessica
  2122 | D:3      | Reached skill level 1 in Fighting
  2122 | D:3      | Reached skill level 1 in Long Blades
  2212 | D:3      | Found an iron altar of Okawaru.
  2212 | D:3      | Found a snail-covered altar of Cheibriados.
  2233 | D:3      | Found a glowing silver altar of Zin.
  2237 | D:3      | Found a faded altar of an unknown god.
  2238 | D:3      | Found a faded altar of an unknown god.
  2245 | D:3      | Prayed at the altar of an unknown god.
  2245 | D:3      | Became a worshipper of Yredelemnul the Dark
  2245 | D:3      | Reached * piety under Yredelemnul
  2299 | D:3      | Reached skill level 4 in Hexes
  2381 | D:3      | Noticed Natasha
  2419 | D:3      | Killed Natasha
  2420 | D:3      | Reached XP level 5. HP: 35/40 MP: 0/8
  2437 | D:3      | Noticed Natasha
  2447 | D:3      | Your ally Natasha died
  2453 | D:3      | Killed Natasha
  2576 | D:3      | Noticed Natasha
  2582 | D:3      | Killed Natasha
  2758 | D:3      | Killed Grinder
  2759 | D:3      | Reached XP level 6. HP: 45/50 MP: 5/9
  2763 | D:3      | Learned a level 3 spell: Tukima's Dance
  2971 | D:4      | Reached skill level 5 in Hexes
  2971 | D:4      | Your scales start taking on an icy white colour.
  2971 | D:4      | Reached XP level 7. HP: 55/57 MP: 5/10
  2971 | D:4      | Gained mutation: Your flesh is cold resistant. (rC+) [White
                  | Draconian growth]
  3036 | D:4      | Found Uqiclil's Antique Armour Emporium.
  3135 | D:4      | Noticed Sigmund
  3152 | D:4      | HP: 1/57 [acid (3)]
  3153 | D:4      | Mangled by Sigmund

Illustrated notes

Levels and vault maps discovered:
D:1:      shiori_shiawase, layout_basic, minmay_door_square
D:2:      layout_loops_corners, minmay_misc_feat_ornament,
          chequers_serial_rivers_large_a
D:3:      layout_basic, chequers_temple_overflow_minitemple, uniq_natasha,
          uniq_jessica, uniq_grinder
D:4:      layout_cave_pods, serial_shops, shop, glass_columns_c, uniq_sigmund,
          uniq_blork_the_orc

Skill      XL: |  1  2  3  4  5  6 |
---------------+-------------------+-----
Dodging        | 2 |  2.0
Hexes          | 3 4 5 |  5.2
Stealth        | 3 |  3.0
Short Blades   | 2 |  2.0
Fighting       | 1 2 3 |  3.0
Long Blades    | 1 3 |  3.9
Spellcasting   | |  2.0

Action                     |  1- 3 |  4- 6 |  7- 9 || total
---------------------------+-------+-------+-------++-------
  Melee: Dagger            |   180 |   114 |    27 ||   321
         Tailslap          |    23 |    12 |     5 ||    40
         Punch             |       |       |     1 ||     1
   Cast: Ensorcelled Hiber |     4 |    12 |       ||    16
         Confusing Touch   |       |     1 |       ||     1
    Use: Scroll            |       |       |     1 ||     1
         Potion            |       |       |     1 ||     1
   Stab: Sleeping          |     9 |    11 |     2 ||    22
         Confused          |       |     2 |       ||     2
 Armour: Skin              |    97 |    66 |    24 ||   187
  Dodge: Dodged            |   123 |    65 |    11 ||   199

Table legend: (Time is in decaauts)
 A = Elapsed time spent in this place.
 B = Non-inter-level travel time spent in this place.
 C = Inter-level travel time spent in this place.
 D = Time resting spent in this place.
 E = Time spent auto-exploring this place.
 F = Levels seen in this place.
 G = Mean time per level.
                   A        B        C        D        E       F      G
               +--------+--------+--------+--------+--------+-----+--------+
         Total |   3160 |   3011 |    149 |    184 |   1832 |   4 |  790.0 |
       Dungeon |   3160 |   3011 |    149 |    184 |   1832 |   4 |  790.0 |
               +--------+--------+--------+--------+--------+-----+--------+

Top non-repeatable levels by time:
     D:2: 1212 daAuts
     D:1: 908 daAuts
     D:3: 684 daAuts
     D:4: 354 daAuts
